 Dungeon Crawl Stone Soup version 0.30-a0-711-gf4ac18a38d (webtiles) character file.

Game seed: 15717317533266076968

4080 funkygono the Arsonist (level 10, -2/52 HPs)
             Began as a Gargoyle Fire Elementalist on Jan 21, 2023.
             Killed by the air
             ... invoked by Gastronok
              (20 damage)
             ... on level 8 of the Dungeon on Jan 22, 2023.
             The game lasted 00:18:49 (8058 turns).

funkygono the Arsonist (Gargoyle Fire Elementalist) Turns: 8058, Time: 00:18:49

Health: -2/52      AC: 23    Str: 20    XL:     10   Next: 25%
Magic:  1/31       EV: 12    Int: 27    God:
Gold:   1425       SH:  0    Dex: 10    Spells: 15/25 levels left

rFire   + . .      SeeInvis +    o - +3 whip (venom)
rCold   . . .      Faith    .    (no shield)
rNeg    + . .      Spirit   .    D - +3 leather armour {Will+}
rPois   ∞          Reflect  .    B - +2 helmet
rElec   +          Harm     .    f - +1 cloak
rCorr   +          Rampage  .    r - +2 pair of gloves "Xaps" {rCorr Str+5 SInv Stlth+}
Will    +....                    v - +1 pair of boots of Midwinter {*Corrode rF+ MP+9}
Stlth   +++                      (no amulet)
HPRegen 0.28/turn                F - ring "Xaunun" {*Corrode Str+4 Int+6}
MPRegen 0.22/turn                n - ring of wizardry

@: slowed, very slow
A: sickness immunity, AC +7, negative energy resistance 1, electricity
resistance, torment resistance 1, petrification resistance
a: no special abilities


You were on level 8 of the Dungeon.
You visited 2 branches of the dungeon, and saw 9 of its levels.

You collected 1737 gold pieces.
You spent 312 gold pieces at shops.

Inventory:

Hand Weapons
 d - a +0 whip
 o - a +3 whip of venom (weapon)
 t - a +0 mace of holy wrath
Armour
 a - a +0 robe
 f - a +1 cloak (worn)
 h - a +0 pair of boots
 q - a +1 pair of gloves
 r - the +2 pair of gloves "Xaps" (worn) {rCorr Str+5 SInv Stlth+}
   (You acquired it on level 7 of the Dungeon)

   Str:       It affects your strength (+5).
   SInv:      It lets you see invisible.
   rCorr:     It protects you from acid and corrosion.
   Stlth:     It makes you more stealthy.
 s - a +1 helmet
 v - the +1 pair of boots of Midwinter (worn) {*Corrode rF+ MP+9}
   (You found it on level 4 of the Dungeon)

   rF:        It protects you from fire.
   MP:        It affects your magic capacity (+9).
   *Corrode:  It may corrode you when you take damage.
 B - a +2 helmet (worn)
 D - a +3 leather armour of willpower (worn)
Magical Staves
 m - a staff of air
Jewellery
 j - an amulet of guardian spirit
 k - a ring of resist corrosion
 n - a ring of wizardry (right hand)
 x - a ring of ice
 F - the ring "Xaunun" (left hand) {*Corrode Str+4 Int+6}
   (You found it on level 7 of the Dungeon)

   [ring of intelligence]

   Str:       It affects your strength (+4).
   Int:       It affects your intelligence (+6).
   *Corrode:  It may corrode you when you take damage.
Wands
 g - a wand of flame (18)
 u - a wand of polymorph (7)
 y - a wand of iceblast (12)
 z - a wand of paralysis (11)
 G - a wand of quicksilver (2)
Scrolls
 e - a scroll of fear
 E - a scroll of enchant armour
Potions
 b - a potion of flight
 c - a potion of lignification
 i - 5 potions of curing
 l - 2 potions of resistance
 p - 4 potions of heal wounds
 w - a potion of berserk rage
 A - 2 potions of attraction
 C - a potion of brilliance {unknown}


   Skills:
 + Level 1.5 Fighting
 + Level 2.3 Maces & Flails
 + Level 2.4 Armour
 + Level 3.3 Dodging
 - Level 2.1 Stealth
 + Level 8.4 Spellcasting
 + Level 6.4 Conjurations
 + Level 8.9 Fire Magic


You had 15 spell levels left.
You knew the following spells:

 Your Spells              Type           Power      Damage    Failure   Level
a - Foxfire               Conj/Fire      100%       2x1d9     1%          1
b - Scorch                Fire           100%       2d10      1%          2
c - Kindle Blastsparks    Fire/Tloc/Air  54%        2d14      2%          3
d - Flame Wave            Conj/Fire      52%        2d13      1%          4

Your spell library contained the following spells:

 Spells                   Type           Power      Damage    Failure   Level
 Inner Flame              Hex/Fire       35%        N/A       1%          3
 Slow                     Hex            44%        N/A       2%          1
 Ignite Poison            Fire/Tmut/Pois 27%        N/A       2%          3
 Confusing Touch          Hex            11%        N/A       7%          3
 Ozocubu's Armour         Ice            11%        N/A       7%          3
 Vampiric Draining        Necr           11%        2d6       7%          3
 Dispel Undead            Necr           11%        3d9       22%         4
 Manifold Assault         Tloc           11%        N/A       22%         4
 Freezing Cloud           Conj/Ice/Air   11%        6-21      26%         5
 Yara's Violent Unravell  Hex/Tmut       5%         3d4       52%         5
 Death Channel            Necr           5%         N/A       96%         6
 Dispersal                Tloc           5%         N/A       96%         6
 Summon Cactus Giant      Summ           5%         N/A       96%         6
 Enfeeble                 Hex            5%         N/A       100%        7
 Ozocubu's Refrigeration  Ice            5%         4d8       100%        7
 Disjunction              Tloc           5%         N/A       100%        8
 Cigotuvi's Dreadful Rot  Necr/Pois/Air  Unusable   N/A       N/A         2

Dungeon Overview and Level Annotations

Branches:
Dungeon (8/15)             Temple (1/1) D:5
   Lair: D:8-11

Altars:
Cheibriados
Dithmenos
Elyvilon
Gozag
Kikubaaqudgha
Makhleb
Nemelex Xobeh
Qazlal
Ru
Sif Muna
Trog
Uskayaw
Wu Jian
Xom
Yredelemnul
Zin
The Shining One

Shops:
D:6 [??(=

Annotations:
D:8 Gastronok


Innate Abilities, Weirdness & Mutations

You are immune to sickness and miasma.
Your stone body is resilient. (AC +7)
You are immune to poison.
You resist negative energy. (rN+)
You are resistant to electric shocks. (rElec)
You are resistant to unholy torment.
You are immune to petrification.


Message History

Gastronok is no longer moving quickly.
Casting: Scorch (safe; 1% risk of failure)
Confirm with . or Enter, or press ? or * to list all spells.
You conjure some foxfire!
Gastronok's eyestalks stretch out, then return to normal size.
Casting: Foxfire (safe; 1% risk of failure)
Confirm with . or Enter, or press ? or * to list all spells.
Flames lash the ice beast.
The ice beast melts!
The ice beast is moderately wounded.
The ice beast's fire resistance burns away.
The foxfire hits Gastronok.
Gastronok is burned terribly!
Gastronok is heavily wounded.
The foxfire hits Gastronok!
Gastronok is burned terribly!
Gastronok is severely wounded.
Gastronok bites you.
Unknown command.
You hit Gastronok but do no damage.
Gastronok looks even sicker.
Gastronok is severely wounded.
The ice beast closely misses you.
The ice beast is no longer more vulnerable to fire.
Gastronok bites you!! The ice beast closely misses you.
The ice beast attacks as you move away!
The ice beast hits you but does no damage.
The ice beast hits you but does no damage.
Casting: Scorch (safe; 1% risk of failure)
Confirm with . or Enter, or press ? or * to list all spells.
You conjure some foxfire!
The ice beast hits you but does no damage.
Casting: Foxfire (safe; 1% risk of failure)
Confirm with . or Enter, or press ? or * to list all spells.
Flames lash the ice beast.
The ice beast melts!
The ice beast is almost dead.
The ice beast's fire resistance burns away.
The foxfire hits the ice beast.
The ice beast melts!
The ice beast is almost dead.
The foxfire hits the ice beast!
The ice beast melts!
You kill the ice beast!
Gastronok waves his eye-stalks in wide circles.
The air twists around and strikes you!!
You die...

#...#.# #.# #.
####.########.##########.
#...........#..........
#+#.........#............
###............##..........
#.#..............##..........
#........................####
##..........§§..!#.......#
#$..##....#@....#####.....
.###.# #..<.#.............###
...#..######.#w....###......
..........))....#...≈.
...#.......)...#..#...
.$........)....#.##PPP#
...............#.. P..
...............#≈..
.P...).........# .P.


You could see Gastronok (very poisoned, combustible).

Vanquished Creatures
  A two-headed ogre (D:7)
  An unseen horror (D:7)
  Sigmund (D:3)
  Menkaure (D:7)
  Duvessa (D:7)
  4 water moccasins (D:7)
  2 sky beasts
  2 black bears
  An ogre (D:7)
  2 ice beasts
  2 centaurs
  A phantom (D:5)
  3 bullfrogs
  A necrophage (D:7)
  2 scorpions (D:5)
  A wight (D:6)
  Dowan (D:7)
  5 killer bees (D:6)
  3 howler monkeys
  2 gnoll boudas (D:8)
  6 hounds
  2 orc priests
  A jelly (D:6)
  Ijyb (D:3)
  4 iguanas
  Natasha (thrice) (D:3)
  2 orc wizards (D:7)
  Terence (D:2)
  Robin (D:2)
  8 adders
  7 gnolls
  A shadow imp (D:6)
  A white imp (D:6)
  An ufetubus (D:5)
  7 worms
  5 dart slugs
  2 orcs
  5 ball pythons
  8 endoplasms
  4 giant cockroaches
  19 goblins
  8 hobgoblins
  5 kobolds
  4 quokkas
  3 bats
  4 frilled lizards
  4 rats
154 creatures vanquished.

Vanquished Creatures (others)
  452 foxfires
  A plant (D:8)
453 creatures vanquished.

Grand Total: 607 creatures vanquished

Notes
Turn   | Place    | Note
-------+----------+-------------------------------------------
     0 | D:1      | funkygono the Gargoyle Fire Elementalist began the quest
                  | for the Orb.
     0 | D:1      | Reached XP level 1. HP: 10/10 MP: 3/3
   140 | D:1      | Reached XP level 2. HP: 12/15 MP: 1/5
   324 | D:1      | Learned a level 2 spell: Scorch
   635 | D:1      | Reached XP level 3. HP: 19/19 MP: 4/6
   639 | D:1      | Learned a level 3 spell: Kindle Blastsparks
  1113 | D:2      | Reached skill level 1 in Maces & Flails
  1188 | D:2      | Reached XP level 4. HP: 24/24 MP: 2/7
  2019 | D:2      | Noticed Robin
  2046 | D:2      | Reached XP level 5. HP: 28/28 MP: 0/9
  2072 | D:2      | Killed Robin
  2261 | D:2      | Noticed Terence
  2266 | D:2      | Killed Terence
  2532 | D:3      | Found a shimmering altar of Xom.
  2613 | D:3      | Noticed Ijyb
  2613 | D:3      | Noticed Natasha
  2616 | D:3      | Killed Natasha
  2785 | D:3      | Killed Ijyb
  2915 | D:3      | Noticed Natasha
  2920 | D:3      | Killed Natasha
  2921 | D:3      | Reached XP level 6. HP: 32/32 MP: 4/11
  3304 | D:3      | Found a faded altar of an unknown god.
  3513 | D:3      | Noticed Natasha
  3517 | D:3      | Killed Natasha
  3639 | D:3      | Noticed Sigmund
  3648 | D:3      | Killed Sigmund
  3649 | D:3      | Reached skill level 5 in Fire Magic
  3649 | D:3      | Reached XP level 7. HP: 35/36 MP: 4/13
  3938 | D:3      | Learned a level 4 spell: Flame Wave
  4350 | D:4      | Identified the +1 pair of boots of Midwinter {*Corrode rF+
                  | MP+9}
  4785 | D:5      | Entered Level 5 of the Dungeon
  5032 | D:5      | Reached skill level 5 in Spellcasting
  5032 | D:5      | Found a staircase to the Ecumenical Temple.
  5039 | D:5      | Reached XP level 8. HP: 7/41 MP: 12/15
  5040 | D:5      | HP: 1/41 [centaur/arrow (6)]
  5203 | Temple   | Entered the Ecumenical Temple
  5584 | D:5      | Upgraded the game from 0.30-a0-702-gdf48620a09 to
                  | 0.30-a0-711-gf4ac18a38d
  5605 | D:5      | Found an opulent altar of Gozag.
  5892 | D:6      | Found Wideesio's Magic Scroll Boutique.
  5906 | D:6      | Found Fecw's Magic Scroll Shop.
  6037 | D:6      | Found Zoor's Weapon Emporium.
  6238 | D:6      | Reached skill level 5 in Conjurations
  6321 | D:6      | Found Seafian's Jewellery Shop.
  6439 | D:6      | Reached XP level 9. HP: 46/46 MP: 16/18
  6628 | D:6      | Found Afrufru's Armour Boutique.
  6636 | D:6      | Bought a +3 leather armour of willpower for 312 gold pieces
  6921 | D:7      | Reached skill level 1 in Fighting
  6953 | D:7      | Noticed a two-headed ogre
  6967 | D:7      | Killed a two-headed ogre
  7041 | D:7      | Noticed Menkaure
  7044 | D:7      | Killed Menkaure
  7127 | D:7      | Killed an unseen horror
  7128 | D:7      | Reached skill level 1 in Armour
  7195 | D:7      | Identified the ring "Xaunun" {*Corrode Str+4 Int+6}
  7233 | D:7      | Reached XP level 10. HP: 52/52 MP: 22/22
  7717 | D:7      | Noticed Duvessa
  7724 | D:7      | Noticed Dowan
  7726 | D:7      | Killed Duvessa
  7728 | D:7      | Killed Dowan
  7854 | D:7      | Identified 3 scrolls of acquirement
  7854 | D:7      | Acquired 744 gold pieces
  7856 | D:7      | Acquired the +2 pair of gloves "Xaps" {rCorr Str+5 SInv
                  | Stlth+}
  7873 | D:7      | Acquired 650 gold pieces
  8017 | D:8      | Noticed Gastronok
  8058 | D:8      | Killed from afar by Gastronok

Illustrated notes

Levels and vault maps discovered:
D:1:      lightli_arrival_flooded_house, layout_basic
D:2:      minmay_spotlight, layout_loops_cross, fountainhead,
          serial_park_tiny_2, uniq_robin, uniq_terence
D:3:      layout_basic, amcnicky_altar_gilded, shapermc_ecumenical_altar_ellora,
          uniq_ijyb, uniq_natasha, uniq_sigmund
D:4:      nicolae_cairo_tiling_large, layout_rooms
D:5:      layout_basic, old_standard_altar, minmay_temple_entry_proselytizer
D:6:      layout_loops_ring, serial_shops, shop,
          nicolae_shop_temple_entry_statues_fountains, nicolae_stop_n_shop_1,
          nicolae_shop_bloodbath_and_beyond, shop, wad_rectangle_vault
D:7:      layout_loops_ring, uniq_menkaure, uniq_duvessa
D:8:      layout_rooms, mainiacjoe_overflow_two_lobes, dpeg_oklobed_lair,
          enter_ossuary_5, serial_shops, kennysheep_mini,
          nicolae_shop_window_shopping, kennysheep_mini_moat,
          nicolae_shop_advertising_works [nicolae_subvault_shop_adworks], shop,
          grunt_ministairs_3, minmay_fountain_box, nicolae_grassy_gnolls,
          uniq_gastronok
Temple:   nicolae_temple_bog_church

Skill      XL: |  1  2  3  4  5  6  7  8  9 10 |
---------------+-------------------------------+-----
Maces & Flails | 1 2 |  2.3
Fire Magic     | 4 5 6 7 8 |  8.9
Conjurations   | 2 3 5 6 |  6.4
Spellcasting   | 3 4 5 6 8 |  8.4
Dodging        | 2 3 |  3.3
Fighting       | 1 |  1.5
Armour         | 1 2 |  2.4
Stealth        | |  2.1

Action                     |  1- 3 |  4- 6 |  7- 9 | 10-12 || total
---------------------------+-------+-------+-------+-------++-------
  Melee: Whip              |    18 |    20 |    40 |    13 ||    91
   Cast: Foxfire           |    46 |    97 |    90 |    40 ||   273
         Scorch            |     4 |    21 |    31 |    18 ||    74
         Flame Wave        |       |       |     5 |     1 ||     6
    Use: Potion            |       |     1 |       |       ||     1
         Scroll            |       |     7 |    12 |     5 ||    24
 Armour: Robe              |     1 |    21 |    31 |       ||    53
         Leather armour    |       |       |    18 |    15 ||    33
  Dodge: Dodged            |    10 |    33 |    54 |    19 ||   116

Table legend: (Time is in decaauts)
 A = Elapsed time spent in this place.
 B = Non-inter-level travel time spent in this place.
 C = Inter-level travel time spent in this place.
 D = Time resting spent in this place.
 E = Time spent auto-exploring this place.
 F = Levels seen in this place.
 G = Mean time per level.
                   A        B        C        D        E       F      G
               +--------+--------+--------+--------+--------+-----+--------+
         Total |   8076 |   7896 |    180 |    522 |   6126 |   9 |  897.3 |
       Dungeon |   7884 |   7725 |    159 |    522 |   5965 |   8 |  985.5 |
        Temple |    192 |    171 |     21 |      0 |    161 |   1 |  192.0 |
               +--------+--------+--------+--------+--------+-----+--------+

Top non-repeatable levels by time:
     D:2: 1595 daAuts
     D:3: 1347 daAuts
     D:6: 1075 daAuts
     D:1: 1055 daAuts
     D:7: 991 daAuts
     D:5: 851 daAuts
     D:4: 791 daAuts
  Temple: 192 daAuts
     D:8: 177 daAuts
